 Dungeon Crawl Stone Soup version 0.17-a0-1572-g7a1422d (webtiles) character file.

95 Raurakos the Cutter (level 4, 0/29 HPs)
             Began as a Halfling Warper on July 24, 2015.
             Slain by an adder (3 damage)
             ... on level 3 of the Dungeon.
             The game lasted 00:10:58 (2921 turns).

Raurakos the Cutter (Halfling Warper)               Turns: 2921, Time: 00:10:58

Health: 0/29       AC:  7    Str: 11    XL:     4   Next: 95%
Magic:  6/6        EV: 14    Int: 12    God:
Gold:   149        SH:  0    Dex: 14    Spells: 3 memorised, 1 level left

rFire  . . .     SeeInvis .     a - +1 short sword
rCold  . . .     Clarity  .     j - +0 leather armour
rNeg   . . .     SustAt   .     (shield restricted)
rPois  .         Gourm    .     v - +0 helmet
rElec  .         Spirit   .     (no cloak)
rCorr  .         Warding  .     (no gloves)
rMut   .         Rnd*Tele +     (no boots)
MR     .....                    (no amulet)
Stlth  +.........               t - +3 ring of protection (curse)
                                l - ring of teleportation (curse)

@: lethally poisoned (0 -> -20), not resistant to hostile enchantments, very
unstealthy
A: mutation resistance 1
a: Evoke Teleportation


You were on level 3 of the Dungeon.
You were not hungry.

You visited 1 branch of the dungeon, and saw 3 of its levels.

You collected 149 gold pieces.

Inventory:

Hand weapons
 a - a +1 short sword (weapon)
 b - a +0 dagger
Missiles
 e - 4 tomahawks of dispersal
 h - 93 stones (quivered)
Armour
 j - a +0 leather armour (worn)
 v - a +0 helmet (worn)
Jewellery
 l - a cursed ring of teleportation (left hand)
 t - a cursed +3 ring of protection (right hand)
 u - an uncursed ring of protection from fire {unknown}
Scrolls
 d - a scroll of blinking
 k - 4 scrolls of recharging
 s - a scroll of teleportation
Potions
 g - a potion of flight
 m - a potion of degeneration {unknown}
 n - a potion of haste {unknown}
 q - a potion of magic {unknown}
Books
 c - a book of Spatial Translocations

   Spells                             Type                      Level
   a - Apportation                    Translocation                1
   b - Blink                          Translocation                2
   c - Shroud of Golubria             Charms/Translocation         2
   d - Portal Projectile              Translocation                3
   e - Teleport Other                 Translocation                3
   f - Passage of Golubria            Translocation                4
Comestibles
 f - 4 bread rations
 i - 3 meat rations
 o - 4 chunks of flesh
 p - a royal jelly
 r - 2 beef jerkies


   Skills:
 - Level 1.7 Fighting
 + Level 6.2 Short Blades
 - Level 1.3 Throwing
 - Level 1.1 Armour
 - Level 2.1 Dodging
 - Level 1.5 Spellcasting
 - Level 3.2 Translocations


You had one spell level left.
You knew the following spells:

 Your Spells              Type           Power        Failure   Level  Hunger
a - Apportation           Tloc           #.........   12%         1    ##.....
b - Blink                 Tloc           N/A          17%         2    ###....
c - Shroud of Golubria    Chrm/Tloc      #.........   30%         2    ###....


Dungeon Overview and Level Annotations

Branches:
Dungeon (3/15)

Altars:
Qazlal


Innate Abilities, Weirdness & Mutations

You are small and have problems with some larger weapons.
You are somewhat resistant to further mutation.


Message History

You feel sick. The jackal bites you.
Use which ability? (? or * to list)
You fail to use your ability.
You feel sick.
The jackal bites you but does no damage.
The adder bites you but does no damage. The gnoll misses you.
The jackal misses you.
The jackal bites you but does no damage.
The jackal barely misses you.
Use which ability? (? or * to list)
You fail to use your ability.
You feel sick. The adder closely misses you. The jackal bites you.
* * * LOW HITPOINT WARNING * * *
The jackal bites you.
* * * LOW HITPOINT WARNING * * *
The jackal misses you.
The gnoll hits you from afar with a spear of venom.
* * * LOW HITPOINT WARNING * * *
You are more poisoned.
The adder bites you.
You die...

.... #. #.#
### #..####.
#.#...
.....#.
#)#?.# #
#.....
..%..##
....#.#.#.
#.#...#
#......
#....
#.?#)#. #.S#
# #..(...
#@h# .# #
(..##.#.
#hh##.#.#(#(
#.#.
#ggg....(..
....
##......##
#..##
##.#...#
#..# #.#..##
###.# .#
..... .
##.....


You could see 3 gnolls, an adder and 3 jackals.

Vanquished Creatures
  3 adders
  2 oozes
  A worm (D:2)
  3 giant geckos
  2 orcs (D:3)
  3 giant cockroaches (D:1)
  6 hobgoblins
  5 bats
  4 giant newts
  7 goblins
  11 kobolds
  8 rats
55 creatures vanquished.

Vanquished Creatures (others)
  A goblin (D:2)
1 creature vanquished.

Grand Total: 56 creatures vanquished

Notes
Turn   | Place    | Note
--------------------------------------------------------------
     0 | D:1      | Raurakos the Halfling Warper began the quest for the Orb.
     0 | D:1      | Reached XP level 1. HP: 14/14 MP: 3/3
   143 | D:1      | Reached XP level 2. HP: 13/19 MP: 4/4
   476 | D:1      | Reached skill level 4 in Short Blades
  1030 | D:1      | Reached XP level 3. HP: 24/24 MP: 5/5
  1461 | D:1      | Learned a level 2 spell: Blink
  1464 | D:1      | Learned a level 2 spell: Shroud of Golubria
  1683 | D:2      | Reached skill level 5 in Short Blades
  2040 | D:2      | Reached XP level 4. HP: 25/29 MP: 6/6
  2112 | D:2      | Found a stormy altar of Qazlal.
  2704 | D:3      | Reached skill level 6 in Short Blades
  2921 | D:3      | Slain by an adder

Vault maps used:
D:1:      dpeg_arrival_prison
D:2:      grunt_qazlal_clouds, first_bread, minmay_crystal_water
D:3:      minmay_misc_feat_hallway

Action                   |  1- 3 |  4- 6 || total
-------------------------+-------+-------++-------
Melee: Short sword       |   163 |    51 ||   214
Throw: Stone             |    46 |    33 ||    79
       Tomahawk          |     1 |       ||     1
 Cast: Shroud of Golubri |       |     1 ||     1
  Use: Scroll            |     3 |     4 ||     7
  Eat: Chunk             |     3 |     3 ||     6
